 Dungeon Crawl Stone Soup version 0.31-a0-152-g6aa68a64a1 (webtiles) character file.

Game seed: 714020665136613747

65 qw the Shooter (level 4, 0/39 HPs)
             Began as a Naga Hunter on June 10, 2023.
             Was an Initiate of Okawaru.
             Slain by an orc
             ... wielding a +0 dagger
              (3 damage)
             ... on level 2 of the Dungeon.
             The game lasted 00:00:36 (1386 turns).

qw the Shooter (Naga Hunter)                        Turns: 1386, Time: 00:00:37

Health: 0/39       AC:  2    Str: 13    XL:     4   Next: 14%
Magic:  4/4        EV:  9    Int:  9    God:    Okawaru [......]
Gold:   77         SH:  0    Dex: 17    Spells: 3/3 levels left

rFire   . . .        Y - +0 shortbow
rCold   . . .        (shield currently unavailable)
rNeg    . . .        c - +0 leather armour
rPois   +            (no helmet)
rElec   .            (no cloak)
rCorr   .            (no gloves)
SInv    +            (no barding)
Will    .....        (no amulet)
Stlth   ++           (no ring)
HPRegen 0.26/turn    (no ring)
MPRegen 0.09/turn

%: no passive effects
@: very slow
A: AC +1, large, see invisible, deformed body, poison resistance, slowness 2,
spit poison 1, naga tail 1
a: Spit Poison, Renounce Religion


You were on level 2 of the Dungeon.
You worshipped Okawaru.
Okawaru was noncommittal.
You visited 1 branch of the dungeon, and saw 2 of its levels.

You collected 77 gold pieces.


Innate Abilities, Weirdness & Mutations

Your serpentine skin is tough. (AC +1)
You have supernaturally acute eyesight. (SInv)
Armour fits poorly on your strangely shaped body.
Your system is resistant to poisons. (rPois)
You cover ground very slowly.
You can spit poison.
You have a snake-like lower body.


   Skills:
 + Level 2.2 Fighting
 - Level 5.0 Ranged Weapons
 - Level 1.5 Dodging
 - Level 1.5 Stealth


You had 3 spell levels left.
You didn't know any spells.
Your spell library was empty.

Inventory:

Hand Weapons
 Y - a +0 shortbow (weapon)
Armour
 c - a +0 leather armour (worn)
Scrolls
 b - a scroll of teleportation
Potions
 a - 2 potions of curing {unknown}
 d - a potion of invisibility {unknown}
 e - a potion of enlightenment {unknown}
 g - a potion of lignification {unknown}
 i - a potion of degeneration {unknown}
 j - a potion of heal wounds {unknown}

Dungeon Overview and Level Annotations

Branches:
Dungeon (2/15)

Altars:
Okawaru

Shops:
D:1 !


Message History

Enter note: You shoot an arrow.
The arrow barely misses the orc wizard.
1371 ||| INVOKING Spit Poison.
Aiming: Spit Poison (1% risk of failure)
Press: ? - help, Shift-Dir - straight line, f/p - orc wizard The splash of poison misses the orc wizard.
The orc wizard points at you and mumbles some strange words.
You resist with some effort.
You shoot an arrow.
The arrow closely misses the orc wizard.
The orc wizard casts a spell at you.
You are confused.
The orc priest shouts!
The orc priest looks braver for a moment.
The orc shouts!
You have got your breath back.
The orc wizard hits you with a +0 dagger.
The orc priest invokes the aid of Beogh against you.
You struggle to resist.
You feel less confused.
The orc shouts!
The orc wizard casts a spell at you.
You are confused.
The orc wizard hits you but does no damage.
The orc priest misses you.
The orc wizard hits you with a +0 dagger.
The orc wizard hits you with a +0 dagger.
The orc priest hits you with a +0 whip. The orc barely misses you.
The orc wizard hits you with a +0 dagger.
The orc priest hits you with a +0 whip. The orc barely misses you.
The orc wizard hits you with a +0 dagger.
The orc priest misses you. The orc barely misses you.
The orc priest hits you with a +0 whip.
The orc wizard hits you with a +0 dagger.
The orc barely misses you. The orc hits you but does no damage.
You feel less confused.
The orc wizard hits you with a +0 dagger.
The orc priest hits you with a +0 whip. The orc hits you with a +0 short sword.
The orc hits you with a +0 dagger.
You die...

.##.....##..............#..#.# #
.#....o..#.#.####.....#.#....# #
.#.~...o.#.#.......#..#.##.######
.#.o ..#.#..##...####<.........
.# #..#.........#..#.#### .#
#..##.#.####.##.#.# # .#
#.......# #.##.#.# #
#...oo######....#.# #
#@o.....#####.# # #o%.....'.....#
# #.......####### ###.....[.#
#...>.....# #.........~~~~
#..........~~. #....###..~P~~~
##...# #..~PP~P


You could see an orc priest, an orc wizard and 2 orcs.

Vanquished Creatures
  An adder (D:2)
  2 worms (D:2)
  3 dart slugs (D:1)
  2 endoplasms (D:1)
  7 giant cockroaches
  5 goblins
  2 hobgoblins (D:1)
  A quokka (D:1)
  3 ball pythons
  6 bats
  A frilled lizard (D:1)
  6 kobolds (D:1)
  3 rats
42 creatures vanquished.

Notes
Turn   | Place    | Note
-------+----------+-------------------------------------------
     0 | D:1      | qw the Naga Hunter began the quest for the Orb.
     0 | D:1      | Reached XP level 1. HP: 19/19 MP: 1/1
     0 | D:1      | 0 ||| qw: Version: 0.2-a-123-gb51047a
     0 | D:1      | 0 ||| qw: Game counter: 3788
     0 | D:1      | 0 ||| qw: Always use a shield: true
     0 | D:1      | 0 ||| qw: God list: Okawaru
     0 | D:1      | 0 ||| qw: Allow faded altars: false
     0 | D:1      | 0 ||| qw: Do Orc after D:15 true
     0 | D:1      | 0 ||| qw: Do second Lair branch before Depths: true
     0 | D:1      | 0 ||| qw: Lair rune preference: random
     0 | D:1      | 0 ||| qw: Plans: Normal
     0 | D:1      | 0 ||| PLANNING D:1-11
     7 | D:1      | 7 ||| INVOKING Spit Poison.
    42 | D:1      | 42 ||| INVOKING Spit Poison.
    45 | D:1      | 45 ||| INVOKING Spit Poison.
   125 | D:1      | 125 ||| INVOKING Spit Poison.
   221 | D:1      | Reached skill level 4 in Ranged Weapons
   221 | D:1      | Reached XP level 2. HP: 26/26 MP: 2/2
   222 | D:1      | 222 ||| INVOKING Spit Poison.
   246 | D:1      | 246 ||| INVOKING Spit Poison.
   250 | D:1      | 250 ||| INVOKING Spit Poison.
   270 | D:1      | 270 ||| INVOKING Spit Poison.
   277 | D:1      | 277 ||| INVOKING Spit Poison.
   283 | D:1      | 283 ||| INVOKING Spit Poison.
   284 | D:1      | 284 ||| INVOKING Spit Poison.
   297 | D:1      | 297 ||| INVOKING Spit Poison.
   364 | D:1      | 364 ||| INVOKING Spit Poison.
   406 | D:1      | 406 ||| INVOKING Spit Poison.
   413 | D:1      | Found Jirhiuku's Distillery.
   414 | D:1      | 414 ||| INVOKING Spit Poison.
   418 | D:1      | 418 ||| INVOKING Spit Poison.
   419 | D:1      | Reached XP level 3. HP: 32/32 MP: 3/3
   424 | D:1      | 424 ||| SHOPLISTING 2 potions of mutation (176 gold, have
                  | 22).
   424 | D:1      | 424 ||| SHOPLISTING potion of cancellation (88 gold, have
                  | 22).
   424 | D:1      | 424 ||| SHOPLISTING potion of haste (110 gold, have 22).
   424 | D:1      | 424 ||| SHOPLISTING potion of heal wounds (55 gold, have
                  | 22).
   424 | D:1      | 424 ||| SHOPLISTING potion of resistance (110 gold, have
                  | 22).
   533 | D:1      | 533 ||| INVOKING Spit Poison.
   537 | D:1      | 537 ||| INVOKING Spit Poison.
   541 | D:1      | 541 ||| INVOKING Spit Poison.
   756 | D:1      | 756 ||| INVOKING Spit Poison.
   775 | D:1      | 775 ||| INVOKING Spit Poison.
   779 | D:1      | 779 ||| INVOKING Spit Poison.
   801 | D:1      | 801 ||| INVOKING Spit Poison.
   807 | D:1      | 807 ||| INVOKING Spit Poison.
   849 | D:1      | 849 ||| INVOKING Spit Poison.
   906 | D:1      | 906 ||| INVOKING Spit Poison.
   909 | D:1      | 909 ||| INVOKING Spit Poison.
   910 | D:1      | 910 ||| INVOKING Spit Poison.
   944 | D:1      | 944 ||| DROPPING +6 ring of intelligence.
   945 | D:1      | 945 ||| READING scroll labelled YTYATAR WOX.
   946 | D:1      | 946 ||| READING scroll labelled YLUIQU COYPS.
   947 | D:1      | 947 ||| READING scroll labelled JAJEUFECOH.
   952 | D:1      | 952 ||| DROPPING scroll of butterflies.
  1045 | D:2      | 1045 ||| INVOKING Spit Poison.
  1068 | D:2      | 1068 ||| INVOKING Spit Poison.
  1099 | D:2      | 1099 ||| INVOKING Spit Poison.
  1103 | D:2      | 1103 ||| INVOKING Spit Poison.
  1125 | D:2      | 1125 ||| INVOKING Spit Poison.
  1181 | D:2      | 1181 ||| INVOKING Spit Poison.
  1202 | D:2      | 1202 ||| INVOKING Spit Poison.
  1205 | D:2      | 1205 ||| INVOKING Spit Poison.
  1206 | D:2      | Reached skill level 5 in Ranged Weapons
  1207 | D:2      | Reached XP level 4. HP: 37/39 MP: 4/4
  1230 | D:2      | 1230 ||| INVOKING Spit Poison.
  1239 | D:2      | Found an iron altar of Okawaru.
  1240 | D:2      | 1240 ||| PLANNING OKAWARU WORSHIP
  1240 | D:2      | 1240 ||| DRINKING 2 fizzy inky potions.
  1241 | D:2      | 1241 ||| DROPPING potion of attraction.
  1249 | D:2      | Became a worshipper of Warmaster Okawaru
  1249 | D:2      | 1249 ||| PLANNING D:1-11
  1357 | D:2      | 1357 ||| INVOKING Spit Poison.
  1371 | D:2      | 1371 ||| INVOKING Spit Poison.
  1386 | D:2      | HP: 8/39 [orc wizard/+0 dagger (4)]
  1386 | D:2      | HP: 3/39 [orc/+0 short sword (2)]
  1386 | D:2      | Slain by an orc

Levels and vault maps discovered:
D:1:      reono_arrival_mine, layout_basic, serial_shops, shop
D:2:      cheibrodos_pilgrimage, layout_basic, basic_altar,
          serial_bayou_lagoon_a, uniq_jessica

Skill      XL: |  1  2  3 |
---------------+----------+-----
Ranged Weapons | 4 5 |  5.0
Fighting       | |  2.2
Dodging        | |  1.5
Stealth        | |  1.5

Action                     |  1- 3 |  4- 6 || total
---------------------------+-------+-------++-------
   Fire: Shortbow          |    63 |    10 ||    73
Ability: Spit Poison       |    34 |     3 ||    37
    Use: Scroll            |     3 |       ||     3
         Potion            |       |     1 ||     1
 Armour: Leather armour    |    12 |     2 ||    14
  Dodge: Dodged            |    24 |     6 ||    30

Table legend:
 A = Non-vault XP
 B = Vault XP
 C = Vault XP percentage of total XP
 D = Non-vault monster count
 E = Vault monster count
 F = Vault count percentage of total count
                 A         B        C        D         E       F
            +---------+---------+-------+---------+---------+-------
      Total |      94 |       0 |   0.0 |      42 |       0 |   0.0
            +---------+---------+-------+---------+---------+-------
        D:1 |      59 |       0 |   0.0 |      32 |       0 |   0.0
        D:2 |      35 |       0 |   0.0 |      10 |       0 |   0.0
            +---------+---------+-------+---------+---------+-------
